 Dungeon Crawl Stone Soup version 0.31.0-7-gf635a9b802 (webtiles) character file.

Game seed: 15686197794997366491

1469536 drock the Devastator (level 27, 267/283 HPs)
             Began as an Oni Hexslinger on Jan 20, 2024.
             Was the Champion of Vehumet.
             Escaped with the Orb
             ... and 3 runes on Jan 23, 2024!
             The game lasted 12:56:31 (89224 turns).

drock the Devastator (Oni Hexslinger)              Turns: 89224, Time: 12:56:31

Health: 267/283    AC: 29    Str: 20    XL:     27
Magic:  43/44      EV:  9    Int: 24    God:    Vehumet [******]
Gold:   4061       SH: 17    Dex: 13    Spells: 7/60 levels left

rFire   + + +        B - staff of cold
rCold   + . .        p - +4 kite shield
rNeg    + + .        c - +8 fire dragon scales
rPois   +            h - +2 hat
rElec   +            R - +2 cloak {Stlth+}
rCorr   +            (gloves unavailable)
SInv    +            (boots unavailable)
Will    ++...        Q - amulet of magic regeneration
Stlth   +            x - ring "Filaores" {rElec rPois rCorr}
HPRegen 0.67/turn    j - ring "Ytuclau" {+Blink rC+ rN++ SInv}
MPRegen 0.69/turn

%: no passive effects
@: very slightly contaminated, studying 2 skills
A: large, unfitting armour, horns 1, tough skin 1, double potion healing,
drunken brawling, talons 1, thin skeletal structure 1, fire resistance 2,
mutation resistance 1, poison resistance, inability to read after injury 1
0: Orb of Zot
}: 3/15 runes: serpentine, barnacled, silver
a: Renounce Religion, Evoke Blink


You escaped.
You worshipped Vehumet.
Vehumet was exalted by your worship.
You visited 11 branches of the dungeon, and saw 49 of its levels.
You visited the Abyss 1 time.
You also visited: Wizlab.

You collected 7601 gold pieces.
You spent 3540 gold pieces at shops.

Inventory:

Hand Weapons
 J - the +1 short sword of Ocesa {freeze, rElec rF- Will++ Str+3}
   (You found it on level 1 of the Depths)

   Str+3:     It affects your strength (+3).
   rF-:       It makes you vulnerable to fire.
   rElec:     It insulates you from electricity.
   Will++:    It greatly increases your willpower.
Missiles
 a - 4 throwing nets
 U - 22 curare-tipped darts
Armour
 c - +8 fire dragon scales (worn)
 h - a +2 hat (worn)
 p - a +4 kite shield (worn)
 q - quicksilver dragon scales
 R - a +2 cloak of stealth (worn)
Magical Staves
 B - a staff of cold (weapon)
Jewellery
 d - a ring of protection from fire
 g - a ring of willpower
 i - the amulet "Qemud" {rC+ Regen+ Str+3}
   (You took it off a deep elf annihilator on level 3 of the Elven Halls)

   [amulet of regeneration]

   Str+3:     It affects your strength (+3).
   rC+:       It protects you from cold.
   Regen+:    It increases your rate of health regeneration.
 j - the ring "Ytuclau" (right hand) {+Blink rC+ rN++ SInv}
   (You took it off a tengu reaver on level 5 of the Vaults)

   [ring of see invisible]

   rC+:       It protects you from cold.
   rN++:      It greatly protects you from negative energy.
   SInv:      It lets you see invisible.
   +Blink:    It lets you blink.
 x - the ring "Filaores" (left hand) {rElec rPois rCorr}
   (You took it off a deep elf death mage on level 3 of the Elven Halls)

   [ring of resist corrosion]

   rElec:     It insulates you from electricity.
   rPois:     It protects you from poison rCorr: It protects you from acid and
   corrosion.
 z - the ring of Dithmenos's Reproof {rElec rF- rC+ Int+2 Dex+7}
   (You found it on level 6 of the Dungeon)

   [ring of protection from cold]

   Int+2:     It affects your intelligence (+2).
   Dex+7:     It affects your dexterity (+7).
   rF-:       It makes you vulnerable to fire.
   rC+:       It protects you from cold.
   rElec:     It insulates you from electricity.
 C - a +6 ring of dexterity
 L - the ring "Qioseune" {Ice Int+5}
   (You took it off Josephina on level 2 of the Realm of Zot)

   [ring of ice]

   Ice:       It enhances your ice magic.
   Int+5:     It affects your intelligence (+5).
   rF-:       It makes you vulnerable to fire.
   rC+:       It protects you from cold.
 M - a ring of positive energy
 O - a ring of protection from cold
 Q - an amulet of magic regeneration (around neck)
 V - a ring of protection from fire
 Z - the ring "Ruqanup" {^Drain rElec rF+ Str+5 SInv}
   (You bought it in a shop on level 2 of the Orcish Mines)

   [ring of see invisible]

   Str+5:     It affects your strength (+5).
   rF+:       It protects you from fire.
   rElec:     It insulates you from electricity.
   SInv:      It lets you see invisible.
   ^Drain:    It drains your maximum health when unequipped.
Wands
 m - a wand of quicksilver (31) (quivered)
 H - a wand of roots (22)
 S - a wand of digging (16)
Scrolls
 b - 4 scrolls of fear
 t - 4 scrolls of teleportation
 u - 7 scrolls of amnesia
 v - 2 scrolls of silence
 w - 5 scrolls of blinking
 y - 2 scrolls of torment
 G - 2 scrolls of butterflies
 I - 9 scrolls of fog
 P - 10 scrolls of immolation
 W - 5 scrolls of poison
 Y - 5 scrolls of brand weapon
Potions
 e - 10 potions of might
 f - 6 potions of lignification
 k - a potion of brilliance
 l - a potion of ambrosia
 n - 6 potions of enlightenment
 o - 9 potions of curing
 s - 6 potions of resistance
 A - a potion of mutation
 D - 7 potions of attraction
 F - 5 potions of haste
 N - 3 potions of heal wounds
 X - 4 potions of invisibility
Miscellaneous
 E - a condenser vane
 T - a lightning rod (4/4)


   Skills:
 - Level 18.3 Fighting
 - Level 10.0 Axes
 - Level 1.3 Ranged Weapons
 + Level 17.6 Armour
 - Level 6.0 Dodging
 - Level 15.0 Shields
 - Level 17.0 Spellcasting
 * Level 20.7 Conjurations
 - Level 5.6 Hexes
 - Level 10.6 Summonings
 - Level 1.2 Necromancy
 - Level 11.4 Fire Magic
 - Level 16.1 Ice Magic
 - Level 9.0 Air Magic
 - Level 9.0 Alchemy
 - Level 2.1 Evocations


You had 7 spell levels left.
You knew the following spells:

 Your Spells              Type           Power      Damage    Failure   Level
a - Iskenderun's Battles  Conj           88%        2d14      1%          5
b - Magic Dart            Conj           100%       1d8       0%          1
c - Necrotise             Necr           100%       1d9       5%          1
d - Orb of Destruction    Conj           44%        9d12      1%          7
e - Sting                 Conj/Alch      100%       1d9       0%          1
f - Olgreb's Toxic Radia  Alch           59%        N/A       1%          4
g - Ignite Poison         Fire/Alch      62%        N/A       1%          4
h - Irradiate             Conj/Alch      37%        3d24      1%          5
i - Ozocubu's Refrigerat  Ice            49%        4d18      2%          7
j - Freezing Cloud        Conj/Ice/Air   48%        6-21      1%          5
k - Spellforged Servitor  Conj/Summ      38%        N/A       3%          7
l - Plasma Beam           Fire/Air       31%        2x1d44    5%          6

Your spell library contained the following spells:

 Spells                   Type           Power      Damage    Failure   Level
 Foxfire                  Conj/Fire      100%       2x1d9     0%          1
 Freeze                   Ice            100%       1d10      0%          1
 Shock                    Conj/Air       100%       1d9       0%          1
 Searing Ray              Conj           100%       2d8       0%          2
 Hailstorm                Conj/Ice       100%       3d16      0%          3
 Kiss of Death            Conj/Necr      100%       2d13      1%          1
 Slow                     Hex            100%       N/A       1%          1
 Summon Small Mammal      Summ           100%       N/A       1%          1
 Call Imp                 Summ           100%       N/A       1%          2
 Jinxbite                 Hex            94%        N/A       1%          2
 Mercury Vapours          Alch/Air       100%       N/A       1%          2
 Scorch                   Fire           100%       2d9       1%          2
 Static Discharge         Conj/Air       100%       3-8/arc   1%          2
 Call Canine Familiar     Summ           64%        N/A       1%          3
 Frozen Ramparts          Ice            100%       1d16      1%          3
 Inner Flame              Hex/Fire       57%        N/A       1%          3
 Ozocubu's Armour         Ice            98%        N/A       1%          3
 Stone Arrow              Conj/Erth      100%       3d13      1%          3
 Swiftness                Air            59%        N/A       1%          3
 Brom's Barrelling Bould  Conj/Erth      63%        2d8       1%          4
 Flame Wave               Conj/Fire      78%        2d17      1%          4
 Fulminant Prism          Conj/Alch      37%        3d17      1%          4
 Iskenderun's Mystic Bla  Conj/Tloc      63%        2d13      1%          4
 Sticky Flame             Fire/Alch      62%        2d10      1%          4
 Summon Blazeheart Golem  Fire/Summ      65%        N/A       1%          4
 Summon Lightning Spire   Summ/Air       61%        N/A       1%          4
 Arcjolt                  Conj/Air       37%        1d47      1%          5
 Fireball                 Conj/Fire      39%        3d16      1%          5
 Conjure Ball Lightning   Conj/Air       37%        3x3d12    1%          6
 Starburst                Conj/Fire      39%        6d11      1%          6
 Sandblast                Erth           40%        2d10      2%          1
 Confusing Touch          Hex            47%        N/A       2%          3
 Sigil of Binding         Hex            47%        N/A       2%          3
 Tukima's Dance           Hex            47%        N/A       2%          3
 Yara's Violent Unravell  Hex/Alch       26%        3d11      3%          5
 Bombard                  Conj/Erth      31%        9d6       5%          6
 Alistair's Intoxication  Alch           39%        N/A       6%          5
 Martyr's Knell           Necr/Summ      49%        N/A       8%          4
 Sculpt Simulacrum        Ice/Alch       44%        N/A       8%          6
 Sublimation of Blood     Necr           26%        N/A       9%          2
 Cause Fear               Hex            23%        N/A       9%          4
 Summon Mana Viper        Hex/Summ       56%        N/A       9%          5
 Animate Armour           Summ/Erth      92%        N/A       10%         4
 Eringya's Noxious Bog    Alch           29%        4d6       10%         6
 Silence                  Hex/Air        26%        N/A       12%         5
 Blink                    Tloc           40%        N/A       14%         2
 Leda's Liquefaction      Alch/Erth      21%        N/A       14%         4
 Petrify                  Alch/Erth      42%        N/A       14%         4
 Vhi's Electric Charge    Tloc/Air       84%        N/A       14%         4
 Fugue of the Fallen      Necr           26%        N/A       16%         3
 Vampiric Draining        Necr           26%        2d7       16%         3
 Summon Cactus Giant      Summ           32%        N/A       19%         6
 Passwall                 Erth           20%        N/A       26%         3
 Dimensional Bullseye     Hex/Tloc       17%        N/A       28%         4
 Summon Forest            Summ/Tloc      23%        N/A       28%         5
 Animate Dead             Necr           26%        N/A       47%         4
 Dispel Undead            Necr           26%        3d13      47%         4
 Lee's Rapid Deconstruct  Erth           10%        3d8*      50%         5
 Manifold Assault         Tloc           20%        N/A       65%         4
 Passage of Golubria      Tloc           20%        N/A       65%         4
 Summon Hydra             Summ           32%        N/A       69%         7
 Curse of Agony           Necr           26%        N/A       83%         5
 Borgnjor's Vile Clutch   Necr/Erth      11%        N/A       89%         5
 Enfeeble                 Hex            23%        N/A       100%        7
 Haunt                    Necr/Summ      24%        N/A       100%        7
 Ignition                 Fire           33%        3d10      75%         8
 Polar Vortex             Ice            49%        12d6*     94%         9
 Fire Storm               Conj/Fire      39%        8d10      95%         9
 Maxwell's Capacitive Co  Air            29%        ∞         96%         8
 Chain Lightning          Conj/Air       37%        3d50      99%         9
 Borgnjor's Revivificati  Necr           13%        N/A       100%        8
 Discord                  Hex            23%        N/A       100%        8
 Disjunction              Tloc           10%        N/A       100%        8
 Death's Door             Necr           13%        N/A       100%        9
 Shatter                  Erth           10%        3d11*     100%        9


Dungeon Overview and Level Annotations

Branches:
Dungeon (15/15)            Temple (1/1) D:6            Lair (5/5) D:11
 Shoals (4/4) Lair:2        Snake (4/4) Lair:3          Orc (2/2) D:11
    Elf (3/3) Orc:2        Vaults (5/5) D:14          Crypt (1/3) Vaults:3
 Depths (4/4) D:15            Zot (5/5) Depths:4     WizLab (visited)
  Slime: Lair:4-5

Altars:
Ashenzari
Cheibriados
Dithmenos
Elyvilon
Fedhas
Gozag
Hepliaklqana
Kikubaaqudgha
Makhleb
Nemelex Xobeh
Okawaru
Qazlal
Ru
Sif Muna
Trog
Uskayaw
Vehumet
Wu Jian
Xom
Yredelemnul
Zin
The Shining One
Jiyva

Shops:
D:3 (   D:13 (   D:15 *   Orc:2 !(=:   Shoals:2 *   Shoals:3 [   Snake:1 ?
Snake:3 ?!   Snake:4 *   Vaults:2 (   Depths:4 =:=

Portals:
Hell: Depths:1 Depths:2 Depths:3 Depths:4
Abyss: Depths:2 Depths:3 Depths:4
Pandemonium: Depths:1 Depths:2 Depths:3
Ziggurat: Depths:3
Trove: Elf:2 (lose all piety)

Annotations:
D:2 exclusion: downstairs
D:8 exclusion: downstairs
D:9 3 runed translucent doors, vbillard's ghost, novice DECj
D:11 exclusion: door
Lair:3 exclusion: downstairs
Snake:1 1 runed translucent door, exclusion: door
Orc:1 exclusion: downstairs
Elf:2 3 runed translucent doors, exclusion: 3 doors
Vaults:2 exclusions: door and ice statue
Depths:4 2 transporters, frimble's ghost, adept DsGl


Innate Abilities, Weirdness & Mutations

You are too large for most types of armour.
You have a pair of small horns on your head.
You have tough skin. (AC +1)
You gain doubled healing and magic from potions.
Whenever you drink a healing potion, you attack all around you.
You have sharp toenails.
You have a somewhat thin skeletal structure. (Dex +2, Stealth+)
Your flesh is very heat resistant. (rF++)
You are somewhat resistant to further mutation.
Your system is resistant to poisons. (rPois)
You occasionally lose the ability to read scrolls when taking damage.


Message History

Press: ? - help, Shift-Dir - straight line, f - Orb Guardian
Aim: an Orb Guardian (severely wounded, not watching you, ally target)
Your spellforged servitor launches a ball of destructive magic.
The wavering orb of destruction weakly hits the Orb Guardian!
The Orb Guardian hits your spellforged servitor!!
The orb of destruction hits the Orb Guardian!!!
You blow up the Orb Guardian!
Vehumet accepts your kill.
You feel your power returning.
What level of the Dungeon? (default 1, ? - help) Magic restored.
There is a stone staircase leading up here.
You climb upwards.
Your summoned ally is left behind.
There is a stone staircase leading down here.
An Orb Guardian comes into view.
Casting: Orb of Destruction (mildly dangerous; 1% risk of failure)
Confirm with . or Enter, or press ? or * to list all spells.
Aiming: Orb of Destruction (mildly dangerous; 1% risk of failure)
Press: ? - help, Shift-Dir - straight line, f - Orb Guardian
Aim: an Orb Guardian The orb of destruction hits the Orb Guardian!!!
The Orb Guardian is heavily wounded.
Casting: Orb of Destruction (mildly dangerous; 1% risk of failure)
Confirm with . or Enter, or press ? or * to list all spells.
You erupt in a fountain of uncontrolled magic!
The Orb Guardian is blasted with magical radiation!!
The Orb Guardian is severely wounded.
You are very lightly contaminated with residual magic.
The Orb Guardian hits you!! The Orb Guardian hits you.
Casting: Irradiate (safe; 1% risk of failure)
Confirm with . or Enter, or press ? or * to list all spells.
You erupt in a fountain of uncontrolled magic!
The Orb Guardian is blasted with magical radiation!!!
You kill the Orb Guardian!
Vehumet accepts your kill.
You feel your power returning.
There is a large open door here.
There is a staircase leading out of the dungeon here.
You can't go down here!
You have escaped!

#........###########.#.######
#....................#...####
#######...............######.#...
#............##''##.....#....#.##
#.####..#...##P..P##......#....##
#.........####♣PP♣####..#........
######...##############...#..#.#.
......>.####PPP♣P♣♣P####..#..#.##
.#####..# #P♣...@..PP# #..#..#.##
.# #..# #..........# #..#..#.#.
.# ##.# #'##P...##'# #.##..#...
.# ##..# #.P##''##..# #.....#...
.# ##..###P♣.#....#P.♣ ##......).
.# #..########P...########.....#.
.# #.###..............PP###....#.
.# #.#.....♣P...♣P..♣....♣#......
.# #........♣.........P.......###


There were no monsters in sight!

Vanquished Creatures
  A dread lich (Vaults:5)
  3 orbs of fire (Zot:5)
  3 ancient liches
  Mara (Vaults:4)
  A juggernaut (Depths:3)
  Josephina (Zot:2)
  Boris (Vaults:2)
  Sojobo (Depths:1)
  Parghit (Zot:2)
  3 Killer Klowns
  5 golden dragons
  2 doom hounds (Zot:4)
  A Tzitzimitl (D:12)
  A Cloud Mage (WizLab)
  Jorgrun (Orc:2)
  2 electric golems (Zot:5)
  7 tentacled monstrosities
  4 liches
  19 Orb Guardians
  Grunn (Zot:4)
  2 deep elf master archers (Elf:3)
  2 deep elf blademasters (Elf:3)
  A titan (Depths:2)
  6 sphinxes
  A walking frostbound tome (Depths:3)
  3 quicksilver dragons
  Asterion (Elf:2)
  5 death cobs
  10 shadow dragons
  4 tengu reavers
  Kirke (D:12)
  Donald (Vaults:1)
  Ilsuiw (Shoals:4)
  8 nagarajas
  9 storm dragons
  2 draconian knights
  Aizul (Vaults:1)
  4 draconian monks
  5 frost giants
  3 draconian shifters
  7 fire giants
  6 deep elf sorcerers
  2 draconian scorchers
  An iron dragon (Depths:4)
  A draconian stormcaller (Zot:3)
  13 vault wardens
  2 ghost moths
  The ghost of tatocazan the Carver, a journeyman MiFi of Okawaru (Orc:1)
  6 deep elf elementalists
  A draconian annihilator (Zot:3)
  A spriggan defender (Depths:2)
  An orc warlord (Vaults:2)
  20 ironbound preservers
  20 very ugly things
  2 formless jellyfish
  9 stone giants
  6 ironbound thunderhulks
  A vampire knight (Depths:2)
  A green draconian (Zot:2)
  7 deep elf demonologists
  6 deep elf death magi (Elf:3)
  5 purple draconians
  A putrid mouth (Zot:4)
  A war gargoyle (Vaults:4)
  A black draconian (Zot:3)
  4 red draconians
  7 deep elf annihilators
  Azrael (Elf:2)
  A yellow draconian (Zot:3)
  6 dire elephants
  Snorg (D:12)
  The ghost of slimemold the Covert, a journeyman NaSh of Uskayaw (Lair:2)
  5 white draconians
  5 spark wasps
  2 fire dragons
  2 blizzard demons (WizLab)
  A crystal guardian (Vaults:4)
  4 deep elf high priests
  8 ettins
  9 merfolk impalers
  A jiangshi (Depths:3)
  2 entropy weavers (Vaults:1)
  5 merfolk javelineers
  3 salamander tyrants
  2 rakshasas
  10 yaktaur captains
  8 great orbs of eyes
  A hell beast (Depths:2)
  24 vault guards (Vaults:5)
  8 ice dragons
  3 hydras
  5 spriggan air magi
  Erolcha (D:12)
  13 ironbound frosthearts
  A catoblepas (Lair:4)
  2 ogre magi
  15 boulder beetles
  A peacekeeper (Vaults:3)
  3 ghost crabs (WizLab)
  A merfolk avatar (Shoals:3)
  A satyr (Shoals:4)
  An alligator snapping turtle (Shoals:4)
  9 merfolk aquamancers
  24 centaur warriors
  18 dancing weapons
  8 anacondas
  13 naga warriors
  10 two-headed ogres
  7 deep troll shamans
  6 deep troll earth magi
  5 tengu warriors
  2 occultists
  2 vampire magi
  5 orc high priests
  13 shock serpents
  5 spriggans
  4 spriggan berserkers
  A sun demon (Depths:1)
  12 deep elf knights
  15 hell knights
  14 naga sharpshooters
  7 salamander mystics
  5 iron trolls
  6 skysharks
  Amaemon (Lair:1)
  A skyshark (shapeshifter) (Vaults:5)
  7 death drakes (WizLab)
  12 sea snakes
  A sixfirhy (Depths:1)
  7 naga ritualists
  61 deep trolls
  12 arcanists
  3 flayed ghosts (Depths:3)
  15 mana vipers
  2 orb spiders (shapeshifter)
  11 harpies
  A harpy (shapeshifter) (Vaults:5)
  13 deep elf archers
  13 ironbound convokers
  29 deep elf pyromancers
  15 lindwurms
  10 necromancers
  A shadow demon (Depths:1)
  5 orc knights
  A phantasmal warrior (Vaults:5)
  25 deep elf zephyrmancers
  A glowing shapeshifter (Vaults:5)
  A fire giant zombie (Vaults:4)
  12 manticores
  27 ugly things
  3 orc sorcerers (Orc:2)
  2 shining eyes (Depths:3)
  A shining eye (shapeshifter) (Vaults:5)
  A manticore (shapeshifter) (Vaults:5)
  A large abomination (D:4)
  An oklob plant (Snake:3)
  5 cyclopes
  15 salamanders
  10 fauns
  6 meliai (D:14)
  10 moths of wrath
  17 naga magi
  18 vault sentinels
  10 water nymphs
  2 guardian serpents
  2 elephants (shapeshifter)
  5 elephants
  36 black mambas
  8 merfolk sirens
  4 apocalypse crabs (WizLab)
  A stone giant skeleton (Vaults:4)
  An eye of devastation (Depths:3)
  An orange demon (Lair:1)
  2 human zombies (Vaults:4)
  6 torpor snails
  11 cane toads
  An unseen horror (D:12)
  Maggie (Lair:1)
  7 nameless horrors
  31 yaktaurs
  An elf zombie (Vaults:4)
  A tengu conjurer (D:15)
  6 rime drakes
  9 komodo dragons
  A tormentor (Depths:2)
  A golden dragon simulacrum (Vaults:4)
  A freezing wraith (Vaults:5)
  4 polar bears
  3 tyrant leeches (Lair:5)
  7 wind drakes
  38 merfolk
  3 trolls
  12 hornets
  12 blink frogs
  A glass eye (shapeshifter) (Vaults:5)
  20 dream sheep
  3 glass eyes
  11 snapping turtles
  A centaur simulacrum (D:14)
  9 air elementals
  A ynoxinul (Depths:2)
  17 water elementals
  4 wyverns
  3 wraiths
  59 yaks
  20 slime creatures
  7 fire elementals
  A shadow (D:12)
  A golden eye (shapeshifter) (D:15)
  11 humans (D:15)
  5 hogs (D:12)
  10 basilisks
  2 wargs
  8 vampire mosquitoes
  3 redbacks (Vaults:1)
  3 steam dragons
  41 nagas
  An acid dragon (D:8)
  6 hell hounds (Elf:2)
  11 water moccasins
  A swamp worm (shapeshifter) (Depths:2)
  2 moth of wrath simulacra (Zot:2)
  6 black bears
  25 orc warriors
  A deep troll simulacrum (Vaults:4)
  2 sky beasts (D:7)
  A human skeleton (Vaults:4)
  12 wolves
  13 ogres
  29 centaurs
  A phantom (D:5)
  14 bullfrogs
  3 kobold brigands (D:11)
  Blork the orc (D:6)
  An earth elemental (Elf:1)
  3 scorpions
  3 wights (D:10)
  3 killer bees (D:11)
  3 electric eels (Lair:2)
  4 lava snakes (Lair:3)
  2 crimson imps
  3 jellies
  5 hounds
  32 orc priests
  3 iguanas
  30 orc wizards
  A sleepcap (D:6)
  4 hell rats (Lair:3)
  Robin (D:3)
  4 gnolls
  5 adders
  5 dart slugs
  2 ribbon worms (D:3)
  65 orcs
  5 ball pythons
  4 endoplasms (D:1)
  7 giant cockroaches
  21 goblins
  12 hobgoblins
  4 jackals (D:3)
  9 kobolds
  A quokka (D:3)
  2 bats
  2 frilled lizards (D:2)
  2 rats
1833 creatures vanquished.

Vanquished Creatures (collateral kills)
  A dread lich (Zot:5)
  An orb of fire (Zot:5)
  Mennas (Vaults:4)
  Boris (Vaults:1)
  4 Killer Klowns (Zot:5)
  A curse toe (Zot:2)
  4 golden dragons
  Nikola (Depths:1)
  A Tzitzimitl (Zot:4)
  8 Orb Guardians (Zot:5)
  A walking crystal tome (Depths:2)
  2 liches
  7 tentacled monstrosities
  A walking earthen tome (Depths:3)
  A quicksilver dragon (Zot:4)
  2 titans (Vaults:5)
  3 sphinxes
  A walking divine tome (Depths:3)
  An Executioner (Zot:2)
  6 death cobs
  The ghost of Gaepnina the Peltast, an adept OpAl of Kikubaaqudgha (Elf:3)
  8 storm dragons
  3 tengu reavers
  3 shadow dragons
  A vault warden (Vaults:5)
  2 fire giants
  An iron dragon (Vaults:5)
  A draconian knight (Zot:5)
  3 frost giants
  2 draconian shifters (Zot:3)
  2 draconian scorchers
  5 very ugly things
  A draconian annihilator (Zot:5)
  A spriggan defender (Depths:2)
  5 stone giants
  An ironbound preserver (Vaults:5)
  A deep elf demonologist (Elf:3)
  A vampire knight (Depths:3)
  A green draconian (Zot:3)
  4 black draconians
  A red draconian (Zot:5)
  3 white draconians
  4 purple draconians
  4 yellow draconians
  3 spark wasps (Depths:3)
  A blizzard demon (Depths:4)
  5 ettins
  A yaktaur captain (Vaults:3)
  A jiangshi (Depths:3)
  A vault guard (Vaults:5)
  3 fire dragons
  3 ice dragons
  A rakshasa (Depths:2)
  4 spriggan air magi
  A centaur warrior (Vaults:4)
  2 ironbound frosthearts
  2 deep troll shamans
  2 spriggan berserkers (Depths:3)
  A sun demon (D:12)
  2 deep troll earth magi (Depths:4)
  7 hell knights
  2 iron trolls
  A spriggan (Depths:3)
  A fire crab (shapeshifter) (Depths:3)
  10 deep trolls
  A swamp dragon (shapeshifter) (Depths:3)
  2 phantasmal warriors (Vaults:5)
  An ironbound convoker (Vaults:3)
  A lindwurm (shapeshifter) (Vaults:4)
  2 necromancers
  6 ugly things
  3 moths of wrath
  A storm dragon simulacrum (Zot:2)
  A yaktaur (Vaults:4)
  A freezing wraith (Vaults:5)
  2 hornets
  2 water elementals (Depths:2)
  An elf skeleton (Vaults:4)
  A yellow draconian simulacrum (Zot:2)
  A glowing shapeshifter zombie (Vaults:4)
187 creatures vanquished.

Vanquished Creatures (others)
  A Killer Klown (Zot:3)
  An Orb Guardian (Zot:5)
  A fire giant (Depths:1)
  A spriggan defender (Depths:2)
  A red draconian (Zot:3)
  A yaktaur (Vaults:3)
  A dream sheep (Shoals:1)
  A draconian simulacrum (Zot:2)
8 creatures vanquished.

Grand Total: 2028 creatures vanquished

Notes
Turn   | Place    | Note
-------+----------+-------------------------------------------
     0 | D:1      | drock the Oni Hexslinger began the quest for the Orb.
     0 | D:1      | Reached XP level 1. HP: 19/19 MP: 2/2
    50 | D:1      | Reached skill level 1 in Fire Magic
    83 | D:1      | Reached XP level 2. HP: 28/28 MP: 4/4
   360 | D:1      | Reached XP level 3. HP: 35/35 MP: 5/5
  1008 | D:1      | Learned a level 2 spell: Jinxbite
  1368 | D:2      | Reached XP level 4. HP: 32/44 MP: 7/7
  1625 | D:2      | Found a faded altar of an unknown god.
  1630 | D:2      | Prayed at the altar of an unknown god.
  1630 | D:2      | Became a worshipper of Vehumet
  1630 | D:2      | Reached * piety under Vehumet
  1630 | D:2      | Offered knowledge of Magic Dart by Vehumet.
  1633 | D:2      | Learned a level 1 spell: Magic Dart
  2189 | D:3      | Noticed Robin
  2300 | D:3      | Offered knowledge of Kiss of Death by Vehumet.
  2374 | D:3      | Reached ** piety under Vehumet
  2442 | D:3      | Found Akeusim's Weapon Shoppe.
  2617 | D:3      | Found an ancient bone altar of Kikubaaqudgha.
  2657 | D:3      | Reached skill level 1 in Conjurations
  2765 | D:3      | Killed Robin
  2766 | D:3      | Reached XP level 5. HP: 45/52 MP: 8/8
  3041 | D:4      | Noticed an ogre
  3242 | D:3      | Learned a level 1 spell: Necrotise
  3260 | D:4      | Killed an ogre
  3261 | D:4      | Reached skill level 1 in Necromancy
  3261 | D:4      | Reached XP level 6. HP: 53/61 MP: 7/10
  3310 | D:4      | Noticed an orc warrior
  3375 | D:4      | Reached skill level 2 in Conjurations
  3790 | D:2      | Learned a level 3 spell: Inner Flame
  4020 | D:4      | Noticed a black bear
  4033 | D:4      | Killed a black bear
  4163 | D:4      | Noticed a black bear
  4173 | D:4      | Killed a black bear
  4174 | D:4      | Reached XP level 7. HP: 67/71 MP: 9/11
  4629 | D:5      | Entered Level 5 of the Dungeon
  4663 | D:5      | Offered knowledge of Mercury Vapours by Vehumet.
  4808 | D:5      | Found an opulent altar of Gozag.
  5046 | D:5      | Reached skill level 3 in Conjurations
  5088 | D:5      | Reached skill level 5 in Fighting
  5157 | D:5      | Reached skill level 1 in Evocations
  5233 | D:5      | Reached XP level 8. HP: 44/80 MP: 10/12
  5305 | D:5      | Reached *** piety under Vehumet
  5488 | D:5      | Found a sacrificial altar of Ru.
  5499 | D:5      | Found a blossoming altar of Fedhas.
  5769 | D:6      | Identified the ring of Dithmenos's Reproof {rElec rF- rC+
                  | Int+2 Dex+7}
  5962 | D:6      | Noticed a wyvern
  5989 | D:6      | Killed a wyvern
  6060 | D:6      | Found a staircase to the Ecumenical Temple.
  6099 | D:6      | Learned a level 1 spell: Sting
  6198 | D:6      | Noticed Blork the orc
  6215 | D:6      | Reached skill level 1 in Alchemy
  6225 | D:6      | Killed Blork the orc
  6270 | D:6      | Identified the +2 glaive of Jaregh {vamp, Fly}
  6276 | D:6      | Found a bloodstained altar of Trog.
  6317 | D:6      | Reached XP level 9. HP: 57/91 MP: 14/14
  6500 | D:6      | Learned a level 4 spell: Olgreb's Toxic Radiance
  6641 | D:7      | Found an iron altar of Okawaru.
  7227 | D:6      | Reached skill level 5 in Dodging
  7584 | D:7      | Offered knowledge of Ignite Poison by Vehumet.
  7592 | D:7      | Reached skill level 5 in Hexes
  8419 | D:8      | Found a shadowy altar of Dithmenos.
  8704 | D:8      | Reached **** piety under Vehumet
  8705 | D:8      | Reached XP level 10. HP: 64/104 MP: 13/17
  8787 | D:8      | Reached skill level 5 in Spellcasting
  9325 | D:8      | Found a burning altar of Makhleb.
  9479 | D:8      | Reached skill level 5 in Alchemy
  9535 | D:9      | Found a hazy altar of Hepliaklqana.
  9664 | D:9      | Found a glowing silver altar of Zin.
  9817 | D:9      | Found a runed translucent gate.
  9818 | D:9      | Found a runed translucent gate.
  9819 | D:9      | Found a runed translucent gate.
  9819 | D:9      | Noticed a purple ugly thing
  9819 | D:9      | Noticed a white ugly thing
  9819 | D:9      | Noticed a two-headed ogre
  9819 | D:9      | Noticed a white ugly thing
  9819 | D:9      | Noticed a cyan ugly thing
  9821 | D:9      | Noticed a red ugly thing
 10057 | D:9      | Noticed a two-headed ogre
 10494 | D:9      | Noticed an arcanist
 10540 | D:9      | Killed an arcanist
 10584 | D:9      | Learned a level 4 spell: Ignite Poison
 10727 | D:10     | Entered Level 10 of the Dungeon
 10903 | D:10     | Found a white marble altar of Elyvilon.
 10910 | D:10     | Noticed a gargoyle
 11116 | D:9      | Killed a two-headed ogre
 11117 | D:9      | Reached skill level 1 in Axes
 11117 | D:9      | Reached skill level 4 in Conjurations
 11607 | D:10     | Identified the beast talisman of Immorality {rC+}
 11765 | D:10     | Reached skill level 5 in Conjurations
 11920 | D:11     | Noticed a boulder beetle
 11976 | D:11     | Reached XP level 11. HP: 115/115 MP: 11/20
 12060 | D:11     | Found a staircase to the Lair.
 12079 | D:11     | Offered knowledge of Brom's Barrelling Boulder by Vehumet.
 12134 | D:11     | Noticed a boulder beetle
 12162 | D:11     | Noticed a brown ugly thing
 12168 | D:11     | Killed a brown ugly thing
 12169 | D:11     | Reached skill level 5 in Axes
 12479 | D:11     | Found a staircase to the Orcish Mines.
 12577 | D:11     | Reached skill level 10 in Fighting
 12618 | Orc:1    | Entered Level 1 of the Orcish Mines
 12620 | Orc:1    | Noticed an orc high priest
 12771 | Orc:1    | Killed an orc high priest
 13014 | Orc:1    | Noticed an ettin
 13025 | Orc:1    | Killed an ettin
 13032 | Orc:1    | Noticed a two-headed ogre
 13034 | Orc:1    | Noticed an ogre mage
 13048 | Orc:1    | Killed a two-headed ogre
 13050 | Orc:1    | Noticed a two-headed ogre
 13051 | Orc:1    | Noticed a two-headed ogre
 13052 | Orc:1    | Killed an ogre mage
 13089 | D:11     | Killed a two-headed ogre
 13272 | Orc:1    | Killed a two-headed ogre
 13273 | Orc:1    | Reached XP level 12. HP: 97/130 MP: 7/24
 13385 | Orc:1    | Noticed a two-headed ogre
 13402 | Orc:1    | Killed a two-headed ogre
 13567 | Orc:1    | Found a runed translucent door.
 13568 | Orc:1    | Noticed tatocazan's ghost (journeyman MiFi)
 13947 | Orc:2    | Entered Level 2 of the Orcish Mines
 13947 | Orc:2    | Noticed Jorgrun
 13947 | Orc:2    | Found a staircase to the Elven Halls.
 14033 | Lair:1   | Entered Level 1 of the Lair of Beasts
 14596 | Lair:1   | Noticed Amaemon
 14605 | Lair:1   | Killed Amaemon
 14872 | Lair:1   | Reached ***** piety under Vehumet
 14915 | Lair:1   | Offered knowledge of Arcjolt by Vehumet.
 14929 | Lair:1   | Learned a level 5 spell: Arcjolt
 15102 | Lair:1   | Noticed Maggie
 15106 | Lair:1   | Killed Maggie
 15107 | Lair:1   | Reached skill level 1 in Air Magic
 15404 | Lair:2   | Found a runed translucent gate.
 15404 | Lair:2   | Found a runed translucent gate.
 15404 | Lair:2   | Found a runed translucent gate.
 15405 | Lair:2   | Noticed slimemold's ghost (journeyman NaSh)
 15407 | Lair:2   | Found a viscous altar of Jiyva.
 15415 | Lair:2   | Reached skill level 6 in Conjurations
 15508 | Lair:2   | Noticed a boulder beetle
 15966 | Lair:2   | Noticed a boulder beetle
 15982 | Lair:2   | Killed a boulder beetle
 15983 | Lair:2   | Reached XP level 13. HP: 141/141 MP: 11/26
 16224 | Lair:2   | Reached skill level 10 in Spellcasting
 16489 | Lair:2   | Reached skill level 10 in Axes
 16510 | Lair:2   | Reached skill level 7 in Conjurations
 17005 | Lair:3   | Found a staircase to the Snake Pit.
 17538 | Lair:3   | Found a hide-covered altar of Uskayaw.
 17538 | Lair:3   | Found an ornate altar of the Wu Jian Council.
 17818 | Lair:2   | Offered knowledge of Ozocubu's Refrigeration by Vehumet.
 18355 | Lair:4   | Learned a level 7 spell: Ozocubu's Refrigeration
 18383 | Lair:4   | Identified the +0 chain mail of the Catfish {Int+3}
 18704 | Lair:4   | Reached skill level 1 in Armour
 18768 | Lair:4   | Reached skill level 8 in Conjurations
 18884 | Lair:4   | Reached skill level 5 in Air Magic
 19277 | Lair:5   | Entered Level 5 of the Lair of Beasts
 19280 | Lair:5   | Reached XP level 14. HP: 145/154 MP: 25/29
 19840 | Lair:5   | Reached skill level 9 in Conjurations
 21029 | Lair:5   | Offered knowledge of Freezing Cloud by Vehumet.
 21036 | Lair:5   | Learned a level 5 spell: Freezing Cloud
 21266 | Lair:5   | Reached skill level 1 in Ice Magic
 22159 | D:12     | Noticed Kirke
 22560 | D:12     | Noticed Snorg
 22854 | D:12     | Noticed Erolcha
 22865 | D:12     | Killed Erolcha
 23695 | D:12     | Killed Kirke
 23866 | D:12     | Killed Snorg
 23867 | D:12     | Reached skill level 5 in Armour
 23867 | D:12     | Reached skill level 10 in Conjurations
 23867 | D:12     | Reached XP level 15. HP: 156/165 MP: 5/30
 24498 | D:13     | Reached skill level 15 in Fighting
 24781 | D:13     | Found Idamedeo's Weapon Shop.
 25770 | D:14     | Reached skill level 5 in Ice Magic
 25805 | D:14     | Found a gate to the Vaults.
 25822 | D:14     | Learned a level 7 spell: Orb of Destruction
 26944 | Orc:2    | Killed Jorgrun
 27428 | Orc:2    | Reached skill level 11 in Conjurations
 27735 | Orc:2    | Found Lonesige's Jewellery Boutique.
 27735 | Orc:2    | Found Hinwarath's Book Boutique.
 27741 | Orc:2    | Found Pyxysasy's Weapon Shop.
 27744 | Orc:2    | Found Afay's Distillery.
 27747 | Orc:2    | Offered knowledge of Iskenderun's Battlesphere by Vehumet.
 27753 | Orc:2    | Bought the ring "Ruqanup" {^Drain rElec rF+ Str+5 SInv} for
                  | 531 gold pieces
 27755 | Orc:2    | Bought a potion of brilliance for 52 gold pieces
 27889 | D:15     | Entered Level 15 of the Dungeon
 28111 | D:15     | Found Zaegen's Assorted Antiques.
 28162 | D:15     | Bought a scroll of enchant weapon for 262 gold pieces
 28162 | D:15     | Bought a scroll of teleportation for 105 gold pieces
 28193 | D:15     | Found an iron altar of Okawaru.
 28682 | D:15     | Reached XP level 16. HP: 176/176 MP: 26/32
 28836 | D:15     | Identified the +11 plate armour "Wetoinaw" {Str+2 Int+5}
 28854 | D:15     | Found a broken altar of Ashenzari.
 28966 | D:15     | Found a staircase to the Depths.
 30210 | Snake:1  | Entered Level 1 of the Snake Pit
 30629 | Snake:1  | Learned a level 5 spell: Iskenderun's Battlesphere
 30649 | Snake:1  | Found Toos's Magic Scroll Shoppe.
 30725 | Snake:1  | Bought a scroll of fear for 72 gold pieces
 31100 | Snake:1  | Found a runed translucent door.
 31516 | Snake:1  | Noticed a nagaraja
 31523 | Snake:1  | Killed a nagaraja
 32314 | Lair:2   | Found a staircase to the Shoals.
 32340 | Shoals:1 | Entered Level 1 of the Shoals
 32344 | Shoals:1 | Offered knowledge of Conjure Ball Lightning by Vehumet.
 32588 | Shoals:1 | Reached skill level 12 in Conjurations
 33542 | Shoals:2 | Found Zoruw's Gadget Gallery.
 33552 | Shoals:2 | Bought a phantom mirror for 800 gold pieces
 33574 | Shoals:2 | Offered knowledge of Irradiate by Vehumet.
 33582 | Shoals:2 | Learned a level 5 spell: Irradiate
 34413 | Shoals:3 | Reached XP level 17. HP: 184/184 MP: 26/34
 35006 | Shoals:3 | Found Herim's Antique Armour Shoppe.
 35043 | Shoals:3 | Bought an embroidered cloak for 217 gold pieces
 35336 | Shoals:4 | Entered Level 4 of the Shoals
 35495 | Shoals:4 | Reached skill level 10 in Armour
 35718 | Shoals:4 | Reached ****** piety under Vehumet
 35855 | Shoals:4 | Reached skill level 13 in Conjurations
 36155 | Shoals:4 | Noticed Ilsuiw
 36162 | Shoals:4 | Killed Ilsuiw
 36336 | Shoals:4 | Identified the +9 spear of Ru's Displeasure {freeze, Str+5}
 36813 | Shoals:4 | Offered knowledge of Bombard by Vehumet.
 37042 | Shoals:4 | Reached skill level 10 in Ice Magic
 37217 | Shoals:4 | Identified the +7 mace of the Howling Messenger {freeze,
                  | rF+ rC- Int+5}
 37503 | Shoals:4 | Got a barnacled rune of Zot
 37940 | Snake:1  | Reached skill level 14 in Conjurations
 38564 | Snake:2  | Identified the +2 plate armour of the Untouchables {rPois
                  | Will+ rCorr Slay+2}
 38623 | Snake:2  | Reached XP level 18. HP: 193/193 MP: 25/36
 39061 | Snake:3  | Found a hazy altar of Hepliaklqana.
 39129 | Snake:3  | Offered knowledge of Shatter by Vehumet.
 39129 | Snake:3  | Offered knowledge of Polar Vortex by Vehumet.
 39129 | Snake:3  | Offered knowledge of Ignition by Vehumet.
 39963 | Snake:3  | Reached skill level 15 in Spellcasting
 40647 | Snake:3  | Found Itakh's Magic Scroll Shop.
 40990 | Snake:3  | Found Cinimp's Distillery.
 41199 | Snake:3  | Upgraded the game from 0.31.0-2-g5a2aebc5c2 to
                  | 0.31.0-4-g52a2dc7128
 41312 | Snake:4  | Entered Level 4 of the Snake Pit
 41511 | Snake:4  | Reached skill level 15 in Conjurations
 41634 | Snake:4  | Found a broken altar of Ashenzari.
 41729 | Snake:4  | Found a transporter.
 41729 | Snake:4  | Found Vies's General Store.
 41754 | Snake:4  | Found a transporter.
 41762 | Snake:4  | Bought a scroll of blinking for 82 gold pieces
 42467 | Snake:4  | Reached XP level 19. HP: 204/204 MP: 32/38
 42785 | Snake:4  | Got a serpentine rune of Zot
 43021 | Elf:1    | Entered Level 1 of the Elven Halls
 43510 | Elf:1    | Reached skill level 16 in Conjurations
 45113 | Elf:2    | Found a runed translucent gate.
 45113 | Elf:2    | Found a runed translucent gate.
 45113 | Elf:2    | Found a runed translucent gate.
 45179 | Elf:2    | Noticed Asterion
 45183 | Elf:2    | Killed Asterion
 45537 | Abyss:3  | Cast into level 3 of the Abyss (+5 trident of distortion)
 45549 | Elf:2    | Escaped the Abyss
 45551 | Elf:2    | Reached skill level 1 in Shields
 45724 | Elf:2    | Found a portal to a secret trove of treasure.
 45724 | Elf:2    | Noticed Azrael
 45730 | Elf:2    | Killed Azrael
 46045 | Elf:3    | Entered Level 3 of the Elven Halls
 47019 | Elf:3    | Found a runed translucent door.
 47020 | Elf:3    | Noticed Gaepnina's ghost (adept OpAl)
 47374 | Elf:3    | Reached XP level 20. HP: 124/218 MP: 15/40
 47917 | Elf:3    | Identified the ring "Filaores" {rElec rPois rCorr}
 47931 | Elf:3    | Identified the +10 glaive of Ru's Esteem {drain, rF+}
 47931 | Elf:3    | Identified the amulet "Qemud" {rC+ Regen+ Str+3}
 47933 | Elf:3    | Noticed a Tzitzimitl
 47935 | Elf:3    | Identified the +6 dagger of Jydyef {drain, *Slow rF+++ MP+9
                  | Str+2}
 48356 | Elf:3    | Identified the +3 scimitar "Jaerat" {heavy, *Slow rPois
                  | rCorr Int-4}
 48540 | Elf:3    | Found the +10 Black Knight's barding {ponderous, rPois rN+}
 48705 | Elf:3    | Got Sif Muna's Guide on Cloudy Chrysopoeia
 48762 | Elf:3    | Got Sif Muna's Octavo of the Grim Atmosphere
 49015 | Vaults:1 | Entered Level 1 of the Vaults
 49043 | Vaults:1 | Reached skill level 5 in Shields
 49322 | Vaults:1 | Identified the serpent talisman of Dud Myib {Slay+3}
 49322 | Vaults:1 | Noticed Aizul
 49332 | Vaults:1 | Killed Aizul
 49537 | Vaults:1 | Learned a level 7 spell: Spellforged Servitor
 49756 | Vaults:1 | Reached skill level 1 in Summonings
 50427 | Vaults:1 | Reached skill level 5 in Summonings
 50670 | Vaults:1 | Noticed Boris
 50766 | Vaults:1 | Killed Boris
 51163 | Vaults:1 | Noticed Donald
 51169 | Vaults:1 | Killed Donald
 51614 | Vaults:1 | Reached XP level 21. HP: 214/228 MP: 23/41
 52278 | Vaults:2 | Found Ejemoll's Weapon Shop.
 52316 | Vaults:2 | Found a magical portal.
 52330 | WizLab   | Entered The Chambers of the Cloud Mage
 52347 | WizLab   | Paralysed by an air elemental for 1 turns
 52583 | WizLab   | Paralysed by an air elemental for 1 turns
 52600 | WizLab   | Gained mutation: You sometimes lose your temper in combat.
                  | [mutagenic glow]
 52872 | WizLab   | Lost mutation: You sometimes lose your temper in combat.
                  | [potion of mutation]
 52872 | WizLab   | Gained mutation: You have hidden genetic potential. [potion
                  | of mutation]
 52872 | WizLab   | Gained mutation: Your movements are slightly less
                  | encumbered by armour. (ER -2) [potion of mutation]
 53175 | WizLab   | Paralysed by an air elemental for 1 turns
 53336 | WizLab   | Paralysed by an air elemental for 1 turns
 53923 | WizLab   | Paralysed by an air elemental for 1 turns
 53951 | WizLab   | Identified the +7 quick blade of Mayhem {protect, *Noise
                  | Dex+5}
 53964 | WizLab   | Got Beobas's Directory of Astrapomancy
 54595 | Snake:3  | Bought a potion of heal wounds for 85 gold pieces
 54595 | Snake:3  | Bought a potion of magic for 136 gold pieces
 54595 | Snake:3  | Bought a potion of magic for 136 gold pieces
 55079 | Vaults:2 | Reached skill level 15 in Ice Magic
 56502 | Vaults:2 | Noticed Boris
 57106 | Vaults:2 | Learned a level 6 spell: Plasma Beam
 57218 | Vaults:2 | Killed Boris
 57337 | Vaults:3 | Found a staircase to the Crypt.
 57944 | Vaults:3 | Reached skill level 5 in Fire Magic
 58545 | Vaults:3 | Reached XP level 22. HP: 239/239 MP: 22/43
 59249 | Crypt:1  | Entered Level 1 of the Crypt
 59311 | Vaults:4 | Paralysed by a formless jellyfish for 1 turns
 60113 | Vaults:3 | Gained mutation: You are agile. (Dex +4, Str/Int -1)
                  | [hidden potential]
 61028 | Vaults:4 | Noticed Mennas
 61356 | Vaults:4 | Killed Mennas
 61840 | Vaults:4 | Noticed Mara
 61846 | Vaults:4 | Killed Mara
 62729 | Snake:1  | Bought a scroll of enchant armour for 135 gold pieces
 62952 | D:9      | Found a runed translucent gate.
 62952 | D:9      | Found a runed translucent gate.
 62959 | D:9      | Noticed vbillard's ghost (novice DECj)
 62960 | D:9      | Found a runed translucent gate.
 62961 | D:9      | Found the +4 robe of Folly {Brill Will-∞ Int+8}
 63060 | Temple   | Entered the Ecumenical Temple
 63237 | Orc:1    | Killed tatocazan's ghost
 63477 | Lair:2   | Killed slimemold's ghost
 63689 | Elf:3    | Killed Gaepnina's ghost
 63907 | Depths:1 | Entered Level 1 of the Depths
 64383 | Depths:1 | Identified the +1 short sword of Ocesa {freeze, rElec rF-
                  | Will++ Str+3}
 64582 | Depths:1 | Noticed Sojobo
 64586 | Depths:1 | Killed Sojobo
 64690 | Depths:1 | Reached XP level 23. HP: 208/247 MP: 12/44
 65227 | Depths:1 | Found a gateway to Hell.
 65567 | Depths:1 | Noticed Nikola
 65572 | Depths:1 | Killed Nikola
 65598 | Depths:1 | Identified the +7 short sword of Proximity {venom, *Noise
                  | rN+ Str+3 Int+2}
 65898 | Depths:1 | Gained mutation: You possess an exceptional clarity of
                  | mind. [hidden potential]
 65898 | Depths:1 | Lost mutation: You have hidden genetic potential. [hidden
                  | potential expressed]
 65906 | Depths:1 | Found a one-way gate leading to the halls of Pandemonium.
 67330 | Vaults:2 | Bought the +5 dagger of Hell's Wrath {speed, *Rage rF+
                  | Will+} for 679 gold pieces
 68325 | Depths:2 | Found a one-way gate to the infinite horrors of the Abyss.
 68636 | Depths:2 | Reached skill level 10 in Shields
 68760 | Depths:2 | Noticed a golden dragon
 68767 | Depths:2 | Killed a golden dragon
 68778 | Depths:2 | Identified the +3 scale mail of the Evening Star {rC+ Int+3
                  | Dex+2}
 69183 | Depths:2 | Upgraded the game from 0.31.0-4-g52a2dc7128 to
                  | 0.31.0-7-gf635a9b802
 69748 | Depths:3 | Found a one-way gateway to a ziggurat.
 69938 | Depths:3 | Found a broken altar of Ashenzari.
 70401 | Depths:3 | Noticed a juggernaut
 70417 | Depths:3 | Killed a juggernaut
 70483 | Depths:3 | Reached XP level 24. HP: 233/257 MP: 19/44
 70735 | Depths:3 | Reached skill level 10 in Summonings
 72097 | Depths:3 | Got the Anthology of Classification
 72551 | Depths:4 | Entered Level 4 of the Depths
 73210 | Depths:4 | Noticed frimble's ghost (adept DsGl)
 73211 | Depths:4 | Found a bloodstained altar of Trog.
 73211 | Depths:4 | Noticed a juggernaut
 73212 | Depths:4 | Identified the ring of Necsash {rElec rPois Will+ AC+4
                  | Str-2 Stlth+}
 73218 | Depths:4 | Found a transporter.
 73245 | Depths:4 | Noticed a juggernaut
 73896 | Depths:4 | Found a transporter.
 74503 | Depths:4 | Found a gate to the Realm of Zot.
 74590 | Depths:4 | Found Rypait's Book Emporium.
 74591 | Depths:4 | Found Mecigef's Jewellery Shop.
 74591 | Depths:4 | Found Doiras's Jewellery Shop.
 75904 | Vaults:5 | Entered Level 5 of the Vaults
 75909 | Vaults:5 | Noticed an ancient lich
 75921 | Vaults:5 | Killed an ancient lich
 75922 | Vaults:5 | Reached skill level 10 in Fire Magic
 76775 | Vaults:5 | Noticed a dread lich
 76796 | Vaults:5 | Killed a dread lich
 76797 | Vaults:5 | Reached XP level 25. HP: 265/265 MP: 19/44
 77215 | Vaults:5 | Reached skill level 15 in Armour
 77764 | Vaults:5 | Noticed an ancient lich
 77769 | Vaults:5 | Killed an ancient lich
 77917 | Vaults:5 | Identified the ring "Pumuzasu" {Fly Str+7}
 78274 | Vaults:5 | Identified the ring "Ytuclau" {+Blink rC+ rN++ SInv}
 78470 | Vaults:5 | Reached skill level 17 in Conjurations
 78805 | Vaults:5 | Got the Handbook of Unfortunate Lightning
 79763 | Vaults:5 | Got a silver rune of Zot
 80142 | Zot:1    | Entered Level 1 of the Realm of Zot
 80509 | Snake:3  | Bought a scroll of revelation for 120 gold pieces
 80509 | Snake:3  | Bought a scroll of fear for 64 gold pieces
 80509 | Snake:3  | Bought a scroll of fear for 64 gold pieces
 81026 | Zot:2    | Identified the ring "Qioseune" {Ice Int+5}
 81026 | Zot:2    | Noticed Josephina
 81036 | Zot:2    | Killed Josephina
 81618 | Zot:3    | Identified the +11 mace of the Little People {elec, rElec
                  | Will+ Str+2}
 81627 | Zot:3    | Noticed a Killer Klown
 81632 | Zot:3    | Killed a Killer Klown
 81859 | Zot:2    | Noticed Parghit
 81865 | Zot:2    | Killed Parghit
 82819 | Zot:3    | Reached skill level 18 in Conjurations
 82985 | Zot:3    | Reached XP level 26. HP: 157/274 MP: 22/44
 84164 | Zot:4    | Noticed Grunn
 84176 | Zot:4    | Killed Grunn
 84787 | Zot:5    | Entered Level 5 of the Realm of Zot
 85800 | Zot:5    | Reached skill level 19 in Conjurations
 85818 | Zot:5    | Noticed a Killer Klown
 85830 | Zot:5    | Killed a Killer Klown
 86104 | Zot:5    | Noticed a Killer Klown
 86125 | Zot:5    | Killed a Killer Klown
 86242 | Zot:5    | Noticed an orb of fire
 86253 | Zot:5    | Gained mutation: You occasionally lose the ability to drink
                  | potions when taking damage. [an orb of fire]
 86264 | Zot:5    | Lost mutation: You are agile. (Dex +4, Str/Int -1) [an orb
                  | of fire]
 86266 | Zot:5    | Killed an orb of fire
 86518 | Zot:5    | Noticed an orb of fire
 86807 | Zot:5    | Noticed an orb of fire
 86810 | Zot:5    | Gained mutation: You are weak. (Str -2) [an orb of fire]
 86811 | Zot:5    | Gained mutation: You sometimes lose the ability to drink
                  | potions when taking damage. [an orb of fire]
 86815 | Zot:5    | Killed an orb of fire
 86835 | Zot:5    | Gained mutation: You are frail. (-10% HP) [an orb of fire]
 86960 | Zot:4    | Lost mutation: Your movements are slightly less encumbered
                  | by armour. (ER -2) [potion of mutation]
 86960 | Zot:4    | Lost mutation: You possess an exceptional clarity of mind.
                  | [potion of mutation]
 86960 | Zot:4    | Lost mutation: You are weak. (Str -2) [potion of mutation]
 86960 | Zot:4    | Gained mutation: You have hidden genetic potential. [potion
                  | of mutation]
 86960 | Zot:4    | Gained mutation: Your system is resistant to poisons.
                  | (rPois) [potion of mutation]
 86975 | Zot:5    | Gained mutation: You occasionally lose the ability to read
                  | scrolls when taking damage. [an orb of fire]
 87027 | Zot:4    | Lost mutation: You are frail. (-10% HP) [potion of
                  | mutation]
 87027 | Zot:4    | Lost mutation: You have hidden genetic potential. [potion
                  | of mutation]
 87027 | Zot:4    | Lost mutation: You sometimes lose the ability to drink
                  | potions when taking damage. [potion of mutation]
 87027 | Zot:4    | Gained mutation: You are partially covered in iridescent
                  | scales. (AC +2) [potion of mutation]
 87027 | Zot:4    | Gained mutation: You are resistant to electric shocks.
                  | (rElec) [potion of mutation]
 87027 | Zot:4    | Gained mutation: Your flesh is cold resistant. (rC+)
                  | [potion of mutation]
 87055 | Zot:5    | Noticed a Killer Klown
 87066 | Zot:5    | Gained mutation: You sometimes lose the ability to drink
                  | potions when taking damage. [an orb of fire]
 87066 | Zot:5    | Noticed a Killer Klown
 87074 | Zot:5    | Killed an orb of fire
 87195 | Zot:4    | Killed a Killer Klown
 87196 | Zot:4    | Reached skill level 15 in Shields
 87269 | Zot:5    | Killed a Killer Klown
 87476 | Zot:5    | Noticed an ancient lich
 87483 | Zot:5    | Killed an ancient lich
 87491 | Zot:5    | Noticed a Killer Klown
 87495 | Zot:5    | Killed a Killer Klown
 87586 | Zot:5    | Noticed an orb of fire
 87816 | Zot:5    | Gained mutation: You are occasionally teleported next to
                  | monsters. [an orb of fire]
 87826 | Zot:5    | Killed an orb of fire
 87887 | Zot:5    | Noticed a Killer Klown
 87896 | Zot:5    | Killed a Killer Klown
 87912 | Zot:5    | Noticed a Killer Klown
 87921 | Zot:5    | Killed a Killer Klown
 87922 | Zot:5    | Reached skill level 20 in Conjurations
 88091 | Zot:5    | Reached XP level 27. HP: 268/283 MP: 23/44
 88138 | Zot:5    | Noticed a dread lich
 88284 | Zot:5    | Killed a dread lich
 88620 | Zot:5    | Lost mutation: You are resistant to electric shocks.
                  | (rElec) [potion of mutation]
 88620 | Zot:5    | Lost mutation: You sometimes lose the ability to drink
                  | potions when taking damage. [potion of mutation]
 88620 | Zot:5    | Lost mutation: Your flesh is cold resistant. (rC+) [potion
                  | of mutation]
 88620 | Zot:5    | Gained mutation: You have sharp toenails. [potion of
                  | mutation]
 88620 | Zot:5    | Gained mutation: Your flesh is heat resistant. (rF+)
                  | [potion of mutation]
 88621 | Zot:5    | Lost mutation: You are occasionally teleported next to
                  | monsters. [potion of mutation]
 88621 | Zot:5    | Lost mutation: You occasionally lose the ability to drink
                  | potions when taking damage. [potion of mutation]
 88621 | Zot:5    | Gained mutation: You sometimes lose your temper in combat.
                  | [potion of mutation]
 88621 | Zot:5    | Gained mutation: Your magical capacity is low. (-10% MP)
                  | [potion of mutation]
 88621 | Zot:5    | Gained mutation: You have a somewhat thin skeletal
                  | structure. (Dex +2, Stealth+) [potion of mutation]
 88622 | Zot:5    | Lost mutation: Your magical capacity is low. (-10% MP)
                  | [potion of mutation]
 88622 | Zot:5    | Lost mutation: You are partially covered in iridescent
                  | scales. (AC +2) [potion of mutation]
 88622 | Zot:5    | Lost mutation: You sometimes lose your temper in combat.
                  | [potion of mutation]
 88622 | Zot:5    | Gained mutation: You are somewhat resistant to further
                  | mutation. [potion of mutation]
 88622 | Zot:5    | Gained mutation: Your flesh is very heat resistant. (rF++)
                  | [potion of mutation]
 88627 | Zot:5    | Got the Orb of Zot
 88848 | Depths:4 | Noticed Focal the pandemonium lord
 89059 | D:10     | Noticed Sumpuget the pandemonium lord
 89224 | D:$      | Escaped with the Orb!

Illustrated notes

Levels and vault maps discovered:
D:1:      denvon_arrival_planthouse, layout_basic, minmay_splitting_lines,
          minmay_misc_feat_room, minmay_misc_feat_ornament,
          hangedman_decor_growths, minmay_misc_feat_rows
D:2:      layout_loops_corners, hellmonk_ecumenical_altar_heavens_door,
          serial_bayou_crossing
D:3:      layout_rooms, mainiacjoe_overflow_24_doors, serial_shops, shop,
          uniq_robin
D:4:      layout_basic, minmay_misc_feat_plants, guppyfry_early_orc_mine
D:5:      layout_loops_ring, grunt_temple_overflow_open,
          minmay_misc_feat_more_columns
D:6:      layout_cave_pools, mainiacjoe_overflow_boulevard,
          minmay_temple_entry_offerings, uniq_blork_the_orc
D:7:      layout_rooms, okawaru_trees_1, lemuel_flame_loot_1
D:8:      layout_basic, makhleb_grotto_becter, nicolae_dithmenos_the_darkroom
D:9:      layout_rooms, mainiacjoe_overflow_catwalk,
          lemuel_coloured_pillars_altar,
          ploomutoo_gammafunk_ghost_potion_laboratory, lightli_wizard_tower
D:10:     layout_cross, nicolae_overflow_crystal_walls
D:11:     layout_roguey, lair_entry_dummy, erik_orc_3
D:12:     hellmonk_ruined_rings, layout_small_grid, minmay_diced_spiral,
          uniq_kirke, uniq_erolcha, uniq_snorg
D:13:     layout_long_grid, serial_shops, nicolae_shop_bloodbath_and_beyond
D:14:     layout_basic, erik_vaults_1
D:15:     hangedman_depths_entry_civil_slaughter, layout_layer_cave,
          lemuel_crystal_altar, serial_shops, shop, roadster_trireme
Temple:   jpeg_temple_clearing
Lair:1:   layout_long_grid, grunt_megastairs_5, uniq_maggie, uniq_amaemon
Lair:2:   layout_gridlike, elwin_shoals_entry_rooms, gammafunk_ghost_ooze,
          st_stairs_11, infiniplex_staircase_pool
Lair:3:   layout_gridlike, nicolae_snake_entry_warm_welcome,
          nzn_masters_of_martial_movement
Lair:4:   layout_long_grid, minmay_slime_entry_oklob_enclosed
Lair:5:   wormcave, layout_layer_cave
Shoals:1: cheibrodos_shoals_baths, layout_shoals, nicolae_shoals_shepherds
Shoals:2: layout_shoals, nicolae_shop_gadgets
Shoals:3: layout_shoals, serial_shops, shop
Shoals:4: shoals_end_simple, layout_shoals, shoal_ilsuiw,
          nicolae_shoals_former_cling_halls
Snake:1:  cheibrodos_toxic_ritual, layout_grid_maze, serial_shops, shop
Snake:2:  layout_misc_corridors
Snake:3:  layout_grid_shapes, serial_shops, shop, lemuel_oklob_altar,
          grunt_megastairs_4, minmay_shop_star
Snake:4:  snake_pit, layout_grid_maze, serial_shops, nicolae_shop_drivethru,
          basic_altar
Orc:1:    layout_caves, ebering_ghost_inner_flame
Orc:2:    st_orc_mages, layout_caves, uniq_jorgrun
Elf:1:    minmay_elf_arrival_circle, layout_geoelf_octagon,
          nicolae_elf_blasts_and_bolts, minmay_misc_feat_columns
Elf:2:    nicolae_elf_blades_crystal_corner, layout_gridlike, enter_trove_3,
          minivault_25, uniq_azrael, uniq_zenata, uniq_asterion
Elf:3:    elf_hall, layout_loops_corners, gammafunk_ghost_grave
Vaults:1: v_misc_33, nicolae_vaults_apartment_1, v_pattern_2,
          nicolae_vaults_border_crossing, nicolae_vaults_ring_of_whatevers,
          nicolae_vaults_what_the_h, v_misc_23, nicolae_vaults_trapezoid_1,
          v_misc_28, hangedman_vaults_trim, nicolae_vaults_tetromino_L_1,
          nicolae_vaults_rhombus_6, vaults_dpeg_diagonal,
          layout_vaults_big_room, uniq_donald, uniq_aizul, uniq_boris
Vaults:2: mu_enter_wizlab_4, nicolae_vaults_doubleplus_tesselated, v_misc_8,
          nicolae_vaults_little_squares_2, nicolae_vaults_sightless_eye,
          hangedman_vaults_nails, vaults_room_large_hall,
          cheibrodos_frozen_isle, nicolae_vaults_little_squares_5,
          nicolae_vaults_ring_of_whatevers, v_alt_pattern_5,
          nicolae_vaults_six-pack, hangedman_vaults_corner_blocks,
          layout_vaults_maze_snakey, serial_shops, shop
Vaults:3: ontoclasm_vaults_pinch, nicolae_vaults_sesquioval_fish,
          ontoclasm_vaults_bender, nicolae_vaults_storage_closets_1,
          nicolae_vaults_storage_closets_2, nicolae_vaults_door_testing_chamber,
          nicolae_vaults_variable_pillar_hall, vaults_room_grid,
          nicolae_vaults_wrenched, hangedman_vaults_maws,
          layout_vaults_omnicross
Vaults:4: vaults_standard_mumra_lines, v_misc_27, vaults_dpeg_spiral,
          nicolae_vaults_hexular_roomagon, grunt_vaults_hallway_short,
          nicolae_vaults_six-pack, vaults_mumra_minichess_inversion,
          vaults_mumra_chevron, st_smaller_cells,
          nicolae_vaults_trapezoid_lopsided_4, hangedman_vaults_hat,
          nicolae_vaults_rhombus_7, vaults_dpeg_encased_lava,
          layout_vaults_omnibox, serial_glass, uniq_mennas, uniq_mara
Vaults:5
Crypt:1:  layout_chaotic_city, grunt_crypt_arrival_split, grunt_megastairs_1,
          lemuel_upstairs_altar
Depths:1: minmay_inner_zag, layout_gridville, hell_entry,
          rand_demon_pan_entry_4, nicolae_zig_zag_zippers, uniq_nikola,
          uniq_sojobo
Depths:2: minmay_octo_star, layout_cave_pools, grunt_metal_band,
          serial_column_ruins, column_ruins_portal_squares,
          column_ruins_hut_ruined, column_ruins_open_large, column_ruins_grid_2,
          column_ruins_corridor_straight, column_ruins_columns_corner,
          column_ruins_open_medium, grunt_pan_entry_sceptre,
          infiniplex_staircase_zigzag_4
Depths:3: grunt_arcs, layout_cave_shapes, enter_ziggurat_c, hell_entry,
          hangedman_abyss_entry_splay, serial_column_ruins,
          column_ruins_portal_astroid, column_ruins_square_medium,
          column_ruins_square_medium, column_ruins_open_tiny,
          column_ruins_grid_1, column_ruins_open_tiny_water,
          column_ruins_columns_straight, ashenzari_altar_1
Depths:4: evilmike_zot_entry_hall, layout_gridlike,
          gammafunk_ghost_wrathful_warriors, hell_entry, abyss_entry,
          minmay_shop_grove
Zot:1:    layout_cathedral_of_symmetry, regret_index_zotdec_plus
Zot:2:    layout_cellular_growth, uniq_parghit, uniq_josephina
Zot:3:    layout_twisted_circle, regret_index_zotdec_stipple_waver
Zot:4:    layout_misc_corridors, regret_index_zotdec_iron_s,
          regret_index_zotdec_zees, grunt_ministairs_6, uniq_grunn
Zot:5:    layout_gridlike

Skill      XL: |  1  2  3  4  5  6  7  8  9 10 11 12 13 14 15 16 17 18 19 20 21 22 23 24 25 26 |
---------------+-------------------------------------------------------------------------------+-----
Fire Magic     | 1 2 3 5 9 10 11 | 11.4
Dodging        | 2 3 4 5 6 |  6.0
Fighting       | 2 3 4 5 6 7 9 11 12 13 14 15 16 17 18 | 18.3
Hexes          | 3 4 5 |  5.6
Spellcasting   | 2 3 4 6 8 9 11 12 13 14 15 16 17 | 17.0
Conjurations   | 1 2 3 5 6 8 10 11 12 14 15 16 18 20 | 20.7
Necromancy     | 1 |  1.2
Evocations     | 1 2 |  2.1
Alchemy        | 1 4 5 6 9 |  9.0
Axes           | 4 8 9 10 | 10.0
Air Magic      | 2 5 7 9 |  9.0
Armour         | 1 5 7 9 10 11 13 14 16 17 | 17.6
Ice Magic      | 3 6 8 10 12 13 14 15 16 | 16.1
Shields        | 3 5 7 8 10 12 14 15 | 15.0
Summonings     | 7 8 9 10 | 10.6
Ranged Weapons | |  1.3

Action                     |  1- 3 |  4- 6 |  7- 9 | 10-12 | 13-15 | 16-18 | 19-21 | 22-24 | 25-27 || total
---------------------------+-------+-------+-------+-------+-------+-------+-------+-------+-------++-------
  Melee: Headbutt          |       |       |     1 |    31 |    92 |    28 |    43 |    74 |    37 ||   306
         Hand axe          |       |       |       |    27 |       |       |       |       |       ||    27
         War axe           |       |       |       |   101 |   362 |   156 |   148 |    84 |       ||   851
         Sling             |       |       |       |     2 |       |       |       |       |       ||     2
         Punch             |       |       |       |     2 |     3 |     1 |     3 |       |       ||     9
         Morningstar       |       |       |       |       |     4 |       |       |       |       ||     4
         Dagger            |       |       |       |       |       |       |       |   107 |       ||   107
         Staff             |       |       |       |       |       |       |       |       |    88 ||    88
   Fire: Sling             |    92 |   261 |   439 |   123 |       |       |       |       |       ||   915
  Throw: Dart              |       |    20 |    10 |     6 |     1 |       |     2 |       |       ||    39
         Throwing net      |       |       |       |       |       |       |     1 |       |     1 ||     2
   Cast: Jinxbite          |     1 |     7 |    66 |    20 |     2 |       |       |       |       ||    96
         Magic Dart        |       |    19 |    11 |       |    11 |   240 |    44 |       |       ||   325
         Necrotise         |       |     3 |     5 |     8 |     3 |       |       |       |       ||    19
         Sting             |       |       |    23 |    56 |   106 |    42 |    45 |       |       ||   272
         Olgreb's Toxic Ra |       |       |     3 |    50 |   142 |   118 |    97 |    70 |    28 ||   508
         Ignite Poison     |       |       |       |    63 |   160 |   109 |    92 |    55 |    18 ||   497
         Arcjolt           |       |       |       |       |     6 |     6 |       |       |       ||    12
         Freezing Cloud    |       |       |       |       |    49 |   177 |    68 |    40 |    33 ||   367
         Orb of Destructio |       |       |       |       |     4 |    52 |   245 |   353 |   281 ||   935
         Iskenderun's Batt |       |       |       |       |       |    83 |    18 |       |       ||   101
         Irradiate         |       |       |       |       |       |    14 |    33 |    36 |    50 ||   133
         Ozocubu's Refrige |       |       |       |       |       |    44 |   109 |    63 |    15 ||   231
         Spellforged Servi |       |       |       |       |       |       |     7 |    89 |   132 ||   228
         Plasma Beam       |       |       |       |       |       |       |       |    72 |    42 ||   114
  Evoke: Wand              |       |       |     1 |    13 |     3 |       |     1 |    11 |    12 ||    41
         Lightning rod     |       |       |       |       |     1 |       |       |       |       ||     1
    Use: Scroll            |       |       |    12 |    16 |    14 |     6 |    10 |    14 |    19 ||    91
         Potion            |       |       |     2 |     1 |     6 |       |     8 |     5 |    14 ||    36
   Stab: Distracted        |       |       |       |       |       |       |       |     1 |     1 ||     2
 Armour: Robe              |    25 |   167 |   446 |   148 |       |       |       |       |       ||   786
         Acid dragon scale |       |       |       |   106 |   487 |   419 |   415 |   392 |       ||  1819
         Skin              |       |       |       |       |    14 |       |     7 |       |       ||    21
         Fire dragon scale |       |       |       |       |       |       |       |    55 |   472 ||   527
  Dodge: Dodged            |    35 |   107 |   278 |   145 |   235 |   195 |   153 |   137 |   121 ||  1406
  Block: Kite shield       |       |       |       |       |       |       |    19 |   228 |   328 ||   575
